 Dungeon Crawl Stone Soup version 0.25-a0-248-g18654cfe15 (webtiles) character file.

Game seed: 6993995781122371548, levelgen mode: deterministic

585814 MrRokkomies the Sniper (level 27, -9/243 (251) HPs)
             Began as a Ghoul Gladiator on Dec 2, 2019.
             Was a High Priest of Wu Jian.
             Killed from afar by a titan (24 damage)
             ... with a bolt of lightning
             ... on level 4 of the Vaults on Dec 4, 2019.
             The game lasted 04:50:09 (51737 turns).

MrRokkomies the Sniper (Ghoul Gladiator)           Turns: 51737, Time: 04:50:10

HP:   -9/243 (251)  AC: 41    Str: 34    XL:     27
MP:   34/34         EV: 15    Int:  6    God:    Wu Jian [*****.]
Gold: 7199          SH:  0    Dex: 12    Spells: 26/26 levels left

rFire    + . .     SeeInvis .   a - +9 lajatang (speed)
rCold    + + .     Gourm    .   (shield currently unavailable)
rNeg     + + +     Faith    .   V - +6 crystal plate armour
rPois    ∞         Spirit   .   c - +1 helmet
rElec    .         Reflect  .   U - scarf {rC+ rF+}
rCorr    +         Harm     .   K - +2 pair of gloves
MR       +++..                  O - +2 pair of boots {run}
Stlth    ..........             Z - amulet of the Exiled People {Regen+ Str+6 Dex+2}
HPRegen  0.00/turn              t - ring of resist corrosion
MPRegen  0.24/turn              y - ring of protection from magic

@: rotting, glowing, heavenly storm, quick
A: rotting body, claws 1, carnivore, cold resistance 1, negative energy
resistance 3, inhibited regeneration, torment resistance, unbreathing
}: 3/15 runes: decaying, slimy, gossamer
a: Wall Jump, Serpent's Lash, Heavenly Storm, Renounce Religion


You were on level 4 of the Vaults.
You worshipped Wu Jian.
Wu Jian was extremely pleased with you.
You were not hungry.

You visited 10 branches of the dungeon, and saw 52 of its levels.
You also visited: Trove, Ossuary and Bailey.

You collected 9425 gold pieces.
You spent 2226 gold pieces at shops.

Inventory:

Hand Weapons
 a - a +9 lajatang of speed (weapon)
 b - a +6 triple crossbow of velocity
 D - the +4 quarterstaff of Success {venom, *Rage +Inv rF+++ MP+9}
   (You took it off a crimson imp on level 7 of the Dungeon)

   It poisons the flesh of those it strikes.
   It renders you almost immune to fire.
   It affects your magic capacity (+9).
   It lets you turn invisible.
   It may make you go berserk in combat.
Missiles
 h - 1492 bolts
 k - 5 throwing nets (quivered)
Armour
 c - a +1 helmet (worn)
 K - a +2 pair of gloves (worn)
 O - a +2 pair of boots of running (worn)
 U - a scarf of resistance (worn)
 V - a +6 crystal plate armour (worn)
Jewellery
 t - a ring of resist corrosion (left hand)
 y - a ring of protection from magic (right hand)
 L - the ring of Mos Litt {Fire +Inv Dex-5 SInv Stlth+}
   (You found it in a treasure trove)

   [ring of fire]

   It enhances your fire magic.
   It affects your dexterity (-5).
   It protects you from fire.
   It makes you vulnerable to cold.
   It lets you see invisible.
   It lets you turn invisible.
   It makes you more stealthy.
 M - the ring of Duthuiwo {rC+ MP+9 Str+2 Dex+2}
   (You found it on level 3 of the Crypt)

   [ring of magical power]

   It affects your strength (+2).
   It affects your dexterity (+2).
   It protects you from cold.
   It affects your magic capacity (+9).
 N - a +5 ring of evasion
 Q - an uncursed ring of protection from fire
 R - the ring "Fuephuask" {Wiz rElec Str+5}
   (You found it on level 1 of the Lair of Beasts)

   [ring of wizardry]

   It improves your spell success rate.
   It affects your strength (+5).
   It insulates you from electricity.
 Z - the amulet of the Exiled People (around neck) {Regen+ Str+6 Dex+2}
   (You found it on level 2 of the Orcish Mines)

   [amulet of regeneration]

   It affects your strength (+6).
   It affects your dexterity (+2).
   It increases your rate of regeneration.
Wands
 g - a wand of disintegration (81)
 i - a wand of acid (35)
 o - a wand of digging (10)
 s - a wand of scattershot (6)
 H - a wand of clouds (3)
 T - a wand of iceblast (43)
Scrolls
 e - 29 scrolls of teleportation
 j - 2 scrolls of immolation
 q - 6 scrolls of vulnerability
 x - 16 scrolls of remove curse
 A - 11 scrolls of magic mapping
 E - 3 scrolls of fear
 F - 14 scrolls of identify
 I - 4 scrolls of fog
 W - 5 scrolls of silence
 Y - 2 scrolls of blinking
Potions
 d - 2 potions of resistance
 l - 4 potions of brilliance
 p - 16 potions of curing
 r - 4 potions of magic
 u - 9 potions of heal wounds
 v - 6 potions of haste
 w - 9 potions of agility
 z - 6 potions of flight
 C - 6 potions of might
 J - 2 potions of cancellation
Miscellaneous
 m - a phial of floods
 n - a lightning rod (4/4)
 G - 2 boxes of beasts
 P - a fan of gales (inert)
 S - 3 phantom mirrors
 X - a sack of spiders
Comestibles
 f - 78 rations


   Skills:
 * Level 21.5 Fighting
 - Level 14.0 Staves
 * Level 22.0 Crossbows
 - Level 1.7 Throwing
 + Level 17.3 Armour
 + Level 17.3 Dodging
 - Level 16.4 Evocations


You had 26 spell levels left.
You didn't know any spells.
Your spell library contained the following spells:

 Spells                   Type           Power        Failure   Level  Hunger
 Animate Skeleton         Necr           N/A          99%         1    ##.....
 Apportation              Tloc           #.....       99%         1    ##.....
 Confusing Touch          Hex            #.....       99%         1    ##.....
 Corona                   Hex            #......      99%         1    ##.....
 Foxfire                  Conj/Fire      #...         99%         1    ##.....
 Freeze                   Ice            #...         99%         1    ##.....
 Infusion                 Chrm           #...         99%         1    ##.....
 Magic Dart               Conj           #...         99%         1    ##.....
 Sandblast                Erth           #.....       99%         1    ##.....
 Shock                    Conj/Air       #...         99%         1    ##.....
 Summon Butterflies       Summ           #.......     99%         1    ##.....
 Summon Small Mammal      Summ           #...         99%         1    ##.....
 Blink                    Tloc           N/A          100%        2    ###....
 Call Imp                 Summ           #.......     100%        2    ###....
 Corpse Rot               Necr/Air       N/A          100%        2    ###....
 Ensorcelled Hibernation  Hex/Ice        #.....       100%        2    ###....
 Passwall                 Tmut/Erth      #.......     100%        2    ###....
 Poisonous Vapours        Pois/Air       #.....       100%        2    ###....
 Shroud of Golubria       Chrm/Tloc      #.....       100%        2    ###....
 Slow                     Hex            #.......     100%        2    ###....
 Song of Slaying          Chrm           #.......     100%        2    ###....
 Sticks to Snakes         Tmut           #.......     100%        2    ###....
 Swiftness                Chrm/Air       #.......     100%        2    ###....
 Call Canine Familiar     Summ           #.......     100%        3    ####...
 Confuse                  Hex            #.......     100%        3    ####...
 Conjure Flame            Conj/Fire      #.......     100%        3    ####...
 Dazzling Flash           Conj/Hex       #.....       100%        3    ####...
 Gell's Gravitas          Tloc           #.........   100%        3    ####...
 Inner Flame              Hex/Fire       #.......     100%        3    ####...
 Lesser Beckoning         Tloc           #.........   100%        3    ####...
 Mephitic Cloud           Conj/Pois/Air  #.......     100%        3    ####...
 Ozocubu's Armour         Chrm/Ice       #.......     100%        3    ####...
 Portal Projectile        Hex/Tloc       #.....       100%        3    ####...
 Recall                   Summ/Tloc      N/A          100%        3    ####...
 Regeneration             Chrm/Necr      #.........   100%        3    ####...
 Spectral Weapon          Hex/Chrm       #.......     100%        3    ####...
 Static Discharge         Conj/Air       #.......     100%        3    ####...
 Stone Arrow              Conj/Erth      #.....       100%        3    ####...
 Summon Guardian Golem    Hex/Summ       #.......     100%        3    ####...
 Teleport Other           Tloc           #.......     100%        3    ####...
 Tukima's Dance           Hex            #.......     100%        3    ####...
 Vampiric Draining        Necr           #.........   100%        3    ####...
 Airstrike                Air            #.........   100%        4    #####..
 Animate Dead             Necr           N/A          100%        4    #####..
 Cause Fear               Hex            #.........   100%        4    #####..
 Hailstorm                Conj/Ice       #.......     100%        4    #####..
 Passage of Golubria      Tloc           N/A          100%        4    #####..
 Petrify                  Tmut/Erth      #.......     100%        4    #####..
 Sticky Flame             Conj/Fire      #.......     100%        4    #####..
 Summon Ice Beast         Ice/Summ       #.......     100%        4    #####..
 Summon Lightning Spire   Summ/Air       #.......     100%        4    #####..
 Agony                    Necr           #.......     100%        5    ######.
 Alistair's Intoxication  Tmut/Pois      #.......     100%        5    ######.
 Borgnjor's Vile Clutch   Necr/Erth      #.........   100%        5    ######.
 Excruciating Wounds      Chrm/Necr      #.........   100%        5    ######.
 Fireball                 Conj/Fire      #.........   100%        5    ######.
 Lee's Rapid Deconstruct  Erth           #.........   100%        5    ######.
 Lightning Bolt           Conj/Air       #.........   100%        5    ######.
 Metabolic Englaciation   Hex/Ice        #.........   100%        5    ######.
 Silence                  Hex/Air        #.........   100%        5    ######.
 Summon Forest            Summ/Tloc      #.........   100%        5    ######.
 Yara's Violent Unravell  Hex/Tmut       #.........   100%        5    ######.
 Darkness                 Hex            #.........   100%        6    #######
 Death Channel            Necr           #.........   100%        6    #######
 Deflect Missiles         Chrm/Air       #.........   100%        6    #######
 Dispersal                Tloc           #.........   100%        6    #######
 Eringya's Noxious Bog    Tmut/Pois      #.........   100%        6    #######
 Freezing Cloud           Conj/Ice/Air   #.........   100%        6    #######
 Invisibility             Hex            #.......     100%        6    #######
 Ozocubu's Refrigeration  Ice            #.........   100%        6    #######
 Shadow Creatures         Summ           N/A          100%        6    #######
 Simulacrum               Ice/Necr       #.........   100%        6    #######
 Haunt                    Necr/Summ      #.........   100%        7    #######
 Ring of Flames           Chrm/Fire      #.........   100%        7    #######
 Summon Hydra             Summ           #.........   100%        7    #######
 Controlled Blink         Tloc           N/A          100%        8    #######
 Discord                  Hex            #.........   100%        8    #######
 Disjunction              Tloc           #.........   100%        8    #######
 Ignition                 Fire           #.........   100%        8    #######
 Dragon's Call            Summ           #.........   100%        9    #######
 Shatter                  Erth           #.........   100%        9    #######
 Tornado                  Air            #.........   100%        9    #######
 Beastly Appendage        Tmut           Unusable     N/A         1    N/A
 Spider Form              Tmut/Pois      Unusable     N/A         3    N/A
 Ice Form                 Ice/Tmut       Unusable     N/A         4    N/A
 Blade Hands              Tmut           Unusable     N/A         5    N/A
 Hydra Form               Tmut           Unusable     N/A         6    N/A
 Dragon Form              Tmut           Unusable     N/A         7    N/A

Dungeon Overview and Level Annotations

Branches:
Dungeon (15/15)            Temple (0/1) D:4            Lair (6/6) D:11
  Swamp (4/4) Lair:4       Spider (4/4) Lair:3        Slime (5/5) Lair:5
    Orc (2/2) D:9             Elf (3/3) Orc:2        Vaults (5/5) D:14
  Crypt (3/3) Vaults:2       Tomb (0/3) Crypt:3      Depths (5/5) D:15
    Zot (0/5) Depths:5    Ossuary (visited)          Bailey (visited)

Altars:
Dithmenos
Elyvilon
Fedhas
Gozag
Hepliaklqana
Kikubaaqudgha
Trog
Uskayaw
Wu Jian
Zin
The Shining One
Beogh
Jiyva

Shops:
D:9 *   D:14 *   Orc:2 ?:*?*   Elf:1 *=   Elf:3 =}}   Vaults:3 *

Portals:
Hell: Depths:1 Depths:2 Depths:3 Depths:4 Depths:5
Abyss: Depths:1 Depths:2 Depths:4
Pandemonium: Depths:3 Depths:4
Ziggurat: Depths:1

Annotations:
D:4 Eustachio
Lair:4 1 runed translucent door, exclusion: 3 oklob plants, Pein's ghost, journeyman VSTm


Innate Abilities, Weirdness & Mutations

Your body is rotting away.
You thrive on raw meat.
You are immune to poison.
You have sharp fingernails.
You are carnivorous and can eat meat at any time.
Your flesh is cold resistant. (rC+)
You are immune to negative energy. (rN+++)
You do not regenerate when monsters are visible.
You are immune to unholy pain and torment.
You can survive without breathing.


Message History

You open the ettin like a pillowcase!!!
The ettin is severely wounded.
You slice the ettin!!
You kill the ettin!
The Council accepts your kill.
You spin and attack the ancient lich repeatedly.
You hit the ancient lich but do no damage.
The ancient lich is severely damaged.
You cut the ancient lich into ribbons!!!
You destroy the ancient lich!
The Council accepts your kill.
The war gargoyle hits you but does no damage.
You spin and attack the war gargoyle.
You slash the war gargoyle!
The war gargoyle is lightly damaged.
You feel less exhausted. The war gargoyle misses you.
The titan points at you and mumbles some strange words.
The bolt of lightning hits the war gargoyle!
The war gargoyle resists.
The bolt of lightning hits you!!
You die...

##.#.#.#.#.#.#.......#
#.....<
##...#...#...#.......#
#......
##########'########'###
#...... #
#...#.........# #......
# #.#.#####.###.#
####### #
#.#.#.#[#...#.# #
#.###.#.#.##### #
#....§○§§§§.#.#
########
#########.###§○§@☼###.#
#......#
##.....##...#☼☼☼9☼#...#
#......#
##.....######§☼☼C☼###.#
#......#
##..#..##.#..☼§§§§§...#
#......#
'...#...'.###.###.###.#
#......#
#).)#...#)#.#.#(#.#...#
#......#
'...#...#)#.#.#.#####.#
#.<....'
##.)#..##.))[..)..#...#
#......#
##.....#######'########
#......#


You could see a titan and a war gargoyle (pinned).

Vanquished Creatures
  the Royal Jelly (Slime:5)
  Khufu (Crypt:3)
  Mennas (Depths:4)
  A juggernaut (Depths:4)
  2 ancient liches
  Sojobo (Vaults:2)
  Bai Suzhen (Crypt:2)
  Saint Roka (Vaults:1)
  7 caustic shrikes
  4 golden dragons
  A profane servitor (Crypt:3)
  3 bone dragons
  Arachne (Spider:3)
  4 tentacled monstrosities
  Rupert (Lair:5)
  Jorgrun (Elf:1)
  9 liches
  2 deep elf blademasters (Elf:3)
  A titan (Vaults:5)
  Asterion (Depths:1)
  11 acid blobs
  3 deep elf master archers (Elf:3)
  5 sphinxes
  4 ancient champions
  4 tengu reavers
  2 thorn hunters
  2 storm dragons
  14 azure jellies
  Donald (Vaults:4)
  3 shadow dragons
  3 revenants
  10 fire giants
  8 deep elf sorcerers
  7 frost giants
  An iron dragon (Depths:4)
  Aizul (Vaults:1)
  4 ghost moths (Spider:4)
  9 vault wardens
  A draconian knight (Depths:5)
  10 emperor scorpions
  Louise (Swamp:3)
  A curse skull (Crypt:1)
  3 deep elf elementalists (Elf:3)
  7 spriggan defenders
  8 ghouls
  10 ironheart preservers
  15 very ugly things
  6 vampire knights
  A draconian annihilator (Depths:5)
  The ghost of Amnesiac the Spry, a journeyman TeWz of Dithmenos (Orc:2)
  3 entropy weavers
  A caustic shrike skeleton (Crypt:2)
  9 deep elf demonologists
  19 stone giants
  4 deep elf annihilators
  A white draconian (Depths:5)
  5 spark wasps
  A yellow draconian (Depths:5)
  A purple draconian (Depths:5)
  A yellow draconian (shapeshifter) (Vaults:4)
  2 red draconians (Depths:5)
  11 ettins
  8 death oozes (Slime:5)
  7 deep elf death magi
  2 mummy priests (Crypt:3)
  An eidolon (Crypt:1)
  14 jiangshi (Crypt:3)
  15 ogre magi
  A crystal guardian (Vaults:4)
  17 yaktaur captains
  19 fire dragons
  9 deep elf high priests
  14 great orbs of eyes
  29 vault guards
  4 rakshasas
  A catoblepas (Lair:6)
  13 ice dragons
  5 spriggan air magi
  A hell beast (Depths:4)
  22 hydras
  10 centaur warriors
  A ghost crab (Swamp:4)
  54 two-headed ogres
  3 shambling mangroves
  11 alligators
  25 dancing weapons
  11 deep troll earth magi
  10 death knights
  6 vampire magi
  10 tengu warriors
  Urug (D:11)
  12 deep troll shamans
  3 death yaks
  13 deep elf knights
  9 spriggan berserkers
  3 soul eaters
  A storm dragon zombie (Crypt:2)
  A titan skeleton (Vaults:4)
  4 shadow wraiths
  3 iron trolls (Depths:1)
  2 storm dragon skeletons (Crypt:1)
  8 hell knights
  6 unseen horrors
  A quicksilver dragon simulacrum (Crypt:1)
  21 skeletal warriors
  3 spriggan druids
  26 deep trolls
  11 flayed ghosts
  5 glowing orange brains
  A glowing orange brain (shapeshifter) (Depths:2)
  An orange crystal statue (Depths:4)
  4 lindwurms (D:10)
  A gelid demonspawn (Depths:4)
  An anaconda skeleton (Crypt:1)
  8 swamp dragons
  16 deep elf archers
  17 ironbrand convokers
  4 wolf spider zombies
  8 necromancers
  4 harpies (Vaults:1)
  10 orc knights
  A golden dragon skeleton (Depths:2)
  3 wizards
  4 phantasmal warriors
  A sphinx zombie (Crypt:2)
  65 deep elf magi
  3 manticores
  2 orc sorcerers (Vaults:4)
  44 wolf spiders
  4 cyclopes
  A shining eye (Slime:3)
  58 ugly things
  19 orb spiders
  A moth of wrath (Spider:1)
  A shock serpent zombie (Crypt:1)
  A stone giant skeleton (Depths:2)
  A titan simulacrum (Crypt:2)
  2 fire giant skeletons
  11 vault sentinels
  An elephant (shapeshifter) (D:15)
  Joseph (D:10)
  Maurice (D:10)
  An eye of devastation (Slime:2)
  3 black mambas
  An orange demon (Depths:4)
  A hellion (Depths:5)
  30 spiny frogs
  14 demonic crawlers
  2 emperor scorpion zombies
  A komodo dragon (shapeshifter) (Depths:5)
  6 kobold demonologists
  An efreet (D:13)
  15 freezing wraiths
  7 rime drakes
  7 guardian mummies (Crypt:3)
  3 human skeletons
  A hellwing (Depths:5)
  9 tengu conjurers
  46 yaktaurs
  7 komodo dragons
  A green draconian skeleton (Crypt:2)
  6 meliai
  29 jumping spiders
  A grey draconian skeleton (Crypt:2)
  5 trolls
  4 polar bears
  A meliai (shapeshifter) (Vaults:3)
  8 tyrant leeches
  28 hornets
  A queen bee (shapeshifter) (Vaults:1)
  69 slime creatures
  Prince Ribbit (D:7)
  2 large abominations (Crypt:3)
  A blink frog (shapeshifter) (Vaults:1)
  10 blink frogs (Lair:6)
  5 bog bodies
  A fire dragon zombie (Crypt:2)
  A frost giant simulacrum (Crypt:3)
  An alligator zombie (Crypt:1)
  19 dream sheep
  8 hippogriffs
  A meliai zombie (D:15)
  29 spriggans
  A fire dragon skeleton (Crypt:1)
  A satyr skeleton (Crypt:1)
  An ettin skeleton (Crypt:2)
  48 flying skulls (Crypt:3)
  A hippogriff (shapeshifter) (Depths:2)
  An ice dragon skeleton (Crypt:1)
  10 water elementals
  A dire elephant simulacrum (Crypt:1)
  A wyvern (Lair:3)
  61 redbacks
  2 air elementals (Elf:2)
  3 vampires (Vaults:2)
  4 shadows
  A human (shapeshifter) (Depths:1)
  10 wraiths
  36 tarantellas
  A basilisk (shapeshifter) (Vaults:4)
  A chaos spawn (Depths:4)
  16 humans (D:14)
  31 yaks
  Grum (D:10)
  5 basilisks
  A hungry ghost (D:14)
  A neqoxec (Depths:4)
  A steam dragon (D:12)
  3 golden eyes (Slime:1)
  19 vampire mosquitoes
  2 fire elementals (Elf:2)
  19 swamp worms
  A deep troll zombie (Vaults:4)
  3 wargs
  7 insubstantial wisps
  Duvessa (D:7)
  2 acid dragons
  A merfolk skeleton (Crypt:2)
  11 water moccasins
  4 floating eyes (Depths:4)
  A hell hound (Depths:5)
  7 porcupines
  A hydra simulacrum (Crypt:2)
  16 swamp drakes
  6 sky beasts
  4 ice beasts
  25 orc warriors
  4 black bears (Lair:6)
  A deep troll skeleton (Crypt:2)
  An elf simulacrum (Depths:2)
  49 ogres
  12 necrophages
  3 phantoms
  A fire dragon simulacrum (Crypt:3)
  An eye of draining (Slime:3)
  An eye of draining (shapeshifter) (Depths:4)
  An ice dragon simulacrum (Crypt:1)
  37 wolves
  12 boggarts
  An ogre (shapeshifter) (Vaults:4)
  12 centaurs
  A crocodile (shapeshifter) (Depths:1)
  9 crocodiles
  10 big kobolds
  22 bullfrogs
  6 elf zombies (Ossuary)
  A wyvern zombie (D:14)
  Dowan (D:7)
  4 earth elementals
  A wyvern skeleton (D:8)
  A yaktaur skeleton (Crypt:2)
  7 scorpions
  A water moccasin skeleton (D:4)
  16 killer bees
  11 wights
  3 electric eels
  10 howler monkeys
  8 crimson imps
  2 bullfrog zombies
  4 quasits
  4 centaur zombies
  4 hounds
  Crazy Yiuf (D:7)
  5 jellies
  A black bear zombie (Crypt:1)
  4 centaur skeletons
  6 human zombies
  3 bullfrog skeletons
  8 orc priests
  A gnoll shaman (D:5)
  Natasha (D:2)
  3 iguanas
  12 orc wizards
  13 worker ants
  3 small abominations
  A big kobold zombie (Crypt:2)
  A naga skeleton (Crypt:2)
  A hound zombie (D:7)
  3 hound skeletons
  3 mummies (Ossuary)
  3 gnolls (D:5)
  A river rat (shapeshifter) (Depths:4)
  15 adders
  7 shadow imps
  3 white imps (Depths:4)
  5 oozes
  A worm (D:3)
  5 leopard geckos
  56 orcs
  A ball python (D:3)
  7 bats
  4 giant cockroaches
  11 goblins
  10 hobgoblins
  4 jackals
  4 frilled lizards
  A goblin skeleton (Crypt:1)
  38 kobolds
  A leopard gecko skeleton (Crypt:1)
  A quokka skeleton (D:9)
  7 rats
  2 rat zombies
  3 crawling corpses
  2 plants
2298 creatures vanquished.

Vanquished Creatures (collateral kills)
  A caustic shrike (Depths:2)
  A deep elf blademaster (Elf:2)
  A fire giant (Depths:2)
  A hydra (Swamp:3)
  A spriggan air mage (Depths:2)
  A dancing weapon (Depths:2)
  A worker ant (D:9)
7 creatures vanquished.

Vanquished Creatures (others)
  A black draconian (Depths:5)
  A two-headed ogre (Vaults:4)
  A hydra (Swamp:3)
  A deep elf mage (Elf:1)
  4 briar patches
  11 fungi
  16 plants
35 creatures vanquished.

Grand Total: 2340 creatures vanquished

Notes
Turn   | Place    | Note
-------+----------+-------------------------------------------
     0 | D:1      | MrRokkomies the Ghoul Gladiator began the quest for the
                  | Orb.
     0 | D:1      | Reached XP level 1. HP: 17/17 MP: 0/0
   243 | D:1      | Reached XP level 2. HP: 14/24 MP: 1/1
   798 | D:1      | Reached XP level 3. HP: 24/30 MP: 2/2
  1249 | D:2      | Found an ornate altar of the Wu Jian Council.
  1249 | D:2      | Noticed Natasha
  1258 | D:2      | Killed Natasha
  1258 | D:2      | Reached XP level 4. HP: 11/38 MP: 3/3
  1446 | D:2      | Found a faded altar of an unknown god.
  1458 | D:2      | Became a worshipper of the Wu Jian Council
  1594 | D:2      | Found an ancient bone altar of Kikubaaqudgha.
  1594 | D:2      | Found a blossoming altar of Fedhas.
  1950 | D:3      | Reached XP level 5. HP: 45/46 MP: 4/4
  2495 | D:4      | Reached XP level 6. HP: 22/52 MP: 3/5
  2552 | D:4      | Noticed a phantom
  2582 | D:4      | Killed a phantom
  2582 | D:4      | Reached skill level 5 in Fighting
  2602 | D:4      | Reached XP level 7. HP: 55/61 MP: 4/6
  2644 | D:4      | Reached skill level 5 in Staves
  2757 | D:4      | Noticed Eustachio
  2964 | D:4      | Reached * piety under Wu Jian
  2996 | D:4      | Found a staircase to the Ecumenical Temple.
  3305 | D:5      | Entered Level 5 of the Dungeon
  3550 | D:5      | Found a sand-covered staircase.
  3559 | Ossuary  | Entered an ossuary
  3601 | Ossuary  | Reached XP level 8. HP: 45/71 MP: 5/7
  4294 | D:5      | Reached skill level 5 in Dodging
  4612 | D:5      | Reached skill level 1 in Armour
  4732 | D:6      | Found a shadowy altar of Dithmenos.
  5098 | D:6      | Reached XP level 9. HP: 46/81 MP: 6/8
  5362 | D:6      | Reached ** piety under Wu Jian
  5373 | D:6      | Identified a scroll of acquirement
  5666 | D:7      | Found a hazy altar of Hepliaklqana.
  5696 | D:7      | Noticed Duvessa
  5699 | D:7      | Noticed Dowan
  5708 | D:7      | Killed Duvessa
  5720 | D:7      | Killed Dowan
  5972 | D:7      | Found an opulent altar of Gozag.
  6101 | D:7      | Noticed Prince Ribbit
  6125 | D:7      | Killed Prince Ribbit
  6191 | D:7      | Found a white marble altar of Elyvilon.
  6235 | D:7      | Found a hazy altar of Hepliaklqana.
  6705 | D:7      | Reached XP level 10. HP: 87/93 MP: 7/9
  6768 | D:7      | Reached skill level 10 in Fighting
  6771 | D:7      | Identified the +4 quarterstaff of Success {venom, *Rage
                  | +Inv rF+++ MP+9}
  7006 | D:7      | Found a runed translucent door.
  7007 | D:7      | Noticed Crazy Yiuf
  7013 | D:7      | Killed Crazy Yiuf
  7106 | D:8      | Reached *** piety under Wu Jian
  7212 | D:8      | Noticed a two-headed ogre
  7219 | D:8      | Killed a two-headed ogre
  7398 | D:8      | Noticed a two-headed ogre
  7407 | D:8      | Killed a two-headed ogre
  7525 | D:9      | Found Juvoth's Assorted Antiques.
  7587 | D:9      | Reached skill level 5 in Armour
  7591 | D:9      | Reached XP level 11. HP: 78/102 MP: 7/10
  7617 | D:9      | Found a staircase to the Orcish Mines.
  7663 | D:9      | Noticed a two-headed ogre
  7681 | D:9      | Noticed an angel
  7682 | D:9      | Found a glowing silver altar of Zin.
  7840 | D:9      | Killed a two-headed ogre
  7840 | D:9      | Reached skill level 10 in Staves
  8154 | D:9      | Noticed an unseen horror
  8163 | D:9      | Killed an unseen horror
  8466 | D:10     | Entered Level 10 of the Dungeon
  8515 | D:10     | Noticed Grum
  8521 | D:10     | Killed Grum
  8699 | D:10     | Noticed Joseph
  8724 | D:10     | Killed Joseph
  9010 | D:10     | Killed an unseen horror
  9072 | D:10     | Noticed a tengu warrior
  9089 | D:10     | Killed a tengu warrior
  9089 | D:10     | Reached **** piety under Wu Jian
  9186 | D:10     | Noticed a lindwurm
  9189 | D:10     | Noticed a lindwurm
  9190 | D:10     | Noticed a lindwurm
  9212 | D:10     | Killed a lindwurm
  9221 | D:10     | Killed a lindwurm
  9271 | D:10     | Killed a lindwurm
  9271 | D:10     | Reached XP level 12. HP: 113/113 MP: 11/11
  9314 | D:10     | Found a portal to a secret trove of treasure.
  9323 | Trove    | Entered a treasure trove
  9345 | Trove    | Got a sparkling turquoise ring
  9374 | D:10     | Identified the ring of Mos Litt {Fire +Inv Dex-5 SInv
                  | Stlth+} (You found it in a treasure trove)
  9614 | D:10     | Noticed Maurice
  9623 | D:10     | Killed Maurice
  9788 | D:11     | Noticed Urug
  9798 | D:11     | Killed Urug
  9881 | D:11     | Found a flagged portal.
  9922 | Bailey   | Entered a bailey
 10054 | Bailey   | Identified a +0 pair of boots of running (You found it in a
                  | bailey)
 10090 | Bailey   | Found a burning altar of Makhleb.
 10322 | D:11     | Found a staircase to the Lair.
 10517 | D:11     | Found a blossoming altar of Fedhas.
 10613 | Lair:1   | Entered Level 1 of the Lair of Beasts
 10724 | Lair:1   | Got a fine bone ring
 10726 | Lair:1   | Identified the ring "Fuephuask" {Wiz rElec Str+5} (You
                  | found it on level 1 of the Lair of Beasts)
 10778 | Lair:1   | Noticed a four-headed hydra
 10789 | Lair:1   | Killed a four-headed hydra
 11084 | Lair:2   | Found a glowing golden altar of the Shining One.
 11410 | Lair:2   | You fall into a shaft and drop 2 floors!
 11438 | Lair:4   | Found a staircase to the Swamp.
 11460 | Lair:4   | Reached XP level 13. HP: 125/125 MP: 12/12
 11584 | Lair:4   | Noticed Pein's ghost (journeyman VSTm)
 11712 | Lair:4   | Found a runed translucent door.
 12679 | Lair:3   | Reached skill level 15 in Fighting
 12724 | Lair:3   | Reached skill level 1 in Crossbows
 13076 | Lair:3   | Found a hole to the Spider Nest.
 13188 | Lair:3   | Reached skill level 2 in Crossbows
 13717 | Lair:5   | Found a runed translucent door.
 13717 | Lair:5   | Found a viscous altar of Jiyva.
 13734 | Lair:5   | Reached skill level 3 in Crossbows
 13825 | Lair:5   | Noticed Rupert
 13832 | Lair:5   | Killed Rupert
 13861 | Lair:5   | Reached skill level 4 in Crossbows
 13899 | Lair:5   | You fall into a shaft and drop 1 floor!
 13899 | Lair:6   | Entered Level 6 of the Lair of Beasts
 13971 | Lair:5   | Reached XP level 14. HP: 126/135 MP: 13/13
 14004 | Lair:5   | Found a staircase to the Slime Pits.
 14364 | Lair:6   | Reached skill level 5 in Crossbows
 14512 | Lair:6   | Reached skill level 1 in Evocations
 14543 | Lair:6   | Reached ***** piety under Wu Jian
 14577 | Lair:6   | Reached skill level 6 in Crossbows
 14612 | Lair:6   | Got a heavily runed ring mail
 14708 | Lair:6   | Identified the +8 ring mail of Honesty {MR+ Dex+4} (You
                  | found it on level 6 of the Lair of Beasts)
 14846 | Lair:6   | Reached skill level 10 in Armour
 14911 | Lair:6   | Identified the +7 plate armour of an ice cave {*Drain rElec
                  | MR+ Int+2} (You found it on level 6 of the Lair of Beasts)
 15005 | Lair:6   | Got a faintly glowing troll leather armour
 15016 | Lair:6   | Identified the cursed +0 troll leather armour of Hopscotch
                  | {-Cast +Blink Regen+ Dex+4} (You found it on level 6 of the
                  | Lair of Beasts)
 15155 | Lair:6   | Reached skill level 7 in Crossbows
 15476 | Orc:1    | Entered Level 1 of the Orcish Mines
 15559 | Orc:2    | Entered Level 2 of the Orcish Mines
 15559 | Orc:2    | Found Raoqen's Magic Scroll Shop.
 15561 | Orc:2    | Found a staircase to the Elven Halls.
 15640 | Orc:2    | Found Uligedow's Book Emporium.
 15642 | Orc:2    | Found Boemy's General Store.
 15642 | Orc:2    | Found Naolaq's Assorted Antiques.
 15642 | Orc:2    | Found Isuiwna's Magic Scroll Shop.
 15650 | Orc:2    | Reached XP level 15. HP: 106/141 MP: 16/16
 15651 | Orc:2    | Reached skill level 8 in Crossbows
 15676 | Orc:2    | Bought a scroll of blinking for 97 gold pieces
 15676 | Orc:2    | Bought a scroll of teleportation for 39 gold pieces
 15676 | Orc:2    | Bought a scroll of enchant weapon for 97 gold pieces
 15678 | Orc:2    | Bought a fizzy orange potion for 27 gold pieces
 15842 | Orc:2    | Found a roughly hewn altar of Beogh.
 15876 | Orc:2    | Found a runed translucent door.
 15876 | Orc:2    | Noticed Amnesiac's ghost (journeyman TeWz)
 15898 | Orc:2    | Killed Amnesiac's ghost
 15901 | Orc:2    | Got a slimy tin amulet
 16113 | Orc:2    | Bought a scroll of identify for 26 gold pieces
 16113 | Orc:2    | Bought a scroll of identify for 26 gold pieces
 16113 | Orc:2    | Identified the amulet of the Exiled People {Regen+ Str+6
                  | Dex+2} (You found it on level 2 of the Orcish Mines)
 16311 | Orc:1    | Found a bloodstained altar of Trog.
 16682 | D:12     | Reached ****** piety under Wu Jian
 16904 | D:12     | Reached skill level 9 in Crossbows
 17831 | D:13     | Found Jeter's Weapon Shoppe.
 17914 | D:13     | Reached skill level 5 in Evocations
 18563 | D:14     | Found a gate to the Vaults.
 18758 | D:14     | Reached skill level 10 in Crossbows
 18942 | D:14     | Found Gozag's Platinum Reserve.
 19063 | D:14     | Reached XP level 16. HP: 149/149 MP: 19/19
 19114 | D:14     | Found an opulent altar of Gozag.
 19360 | D:15     | Entered Level 15 of the Dungeon
 19451 | D:15     | Found a staircase to the Depths.
 19656 | D:15     | Reached skill level 10 in Dodging
 20001 | D:15     | Reached skill level 11 in Crossbows
 20253 | Spider:1 | Entered Level 1 of the Spider Nest
 22053 | Spider:2 | You fall into a shaft and drop 1 floor!
 22645 | Spider:3 | Reached XP level 17. HP: 139/156 MP: 22/22
 22832 | Spider:3 | Reached skill level 12 in Crossbows
 22938 | Spider:3 | Noticed Arachne
 22959 | Spider:3 | Killed Arachne
 23396 | Spider:4 | Entered Level 4 of the Spider Nest
 24046 | Spider:4 | Reached skill level 10 in Evocations
 24466 | Spider:4 | Reached skill level 13 in Crossbows
 24623 | Spider:4 | Reached XP level 18. HP: 134/162 MP: 0/24
 24767 | Spider:4 | Got a gossamer rune of Zot
 24958 | Swamp:1  | Entered Level 1 of the Swamp
 26831 | Swamp:3  | Noticed Louise
 26849 | Swamp:3  | Killed Louise
 27224 | Swamp:4  | Entered Level 4 of the Swamp
 27429 | Swamp:4  | Reached skill level 14 in Crossbows
 28532 | Swamp:4  | Noticed a tentacled monstrosity
 28543 | Swamp:4  | Killed a tentacled monstrosity
 28543 | Swamp:4  | Reached XP level 19. HP: 152/170 MP: 26/26
 28866 | Swamp:4  | Got a decaying rune of Zot
 29152 | Vaults:1 | Entered Level 1 of the Vaults
 29192 | Vaults:1 | Identified the +0 plate armour of Mezcal {+Fly rElec Int-4
                  | Slay+2} (You found it on level 1 of the Vaults)
 29281 | Vaults:1 | Noticed Aizul
 29298 | Vaults:1 | Killed Aizul
 29702 | Vaults:1 | Noticed Saint Roka
 29755 | Vaults:1 | Killed Saint Roka
 30313 | Vaults:1 | Reached skill level 15 in Crossbows
 30672 | Vaults:1 | Upgraded the game from 0.25-a0-200-g5ba96148f3 to
                  | 0.25-a0-246-g58704a1ebd
 30961 | Vaults:2 | Found a staircase to the Crypt.
 31532 | Vaults:2 | Reached XP level 20. HP: 178/178 MP: 28/28
 32679 | Vaults:3 | Found Gupaucug's General Store.
 32688 | Vaults:3 | Bought a potion of resistance for 180 gold pieces
 32688 | Vaults:3 | Bought a scroll of teleportation for 54 gold pieces
 32688 | Vaults:3 | Bought a potion of haste for 180 gold pieces
 33547 | Vaults:4 | Reached skill level 16 in Crossbows
 34125 | Vaults:4 | Reached XP level 21. HP: 175/184 MP: 30/30
 34141 | Vaults:4 | Noticed Donald
 34152 | Vaults:4 | Killed Donald
 34806 | Crypt:1  | Entered Level 1 of the Crypt
 35276 | Crypt:1  | Noticed Sojobo
 35328 | Vaults:2 | Killed Sojobo
 35328 | Vaults:2 | Reached skill level 15 in Evocations
 35952 | Crypt:2  | Reached skill level 17 in Crossbows
 36407 | Crypt:3  | Entered Level 3 of the Crypt
 36407 | Crypt:3  | Noticed Bai Suzhen
 36420 | Crypt:2  | Killed Bai Suzhen
 36830 | Crypt:2  | Reached XP level 22. HP: 173/192 MP: 32/32
 37461 | Crypt:3  | Found an ancient bone altar of Kikubaaqudgha.
 37933 | Crypt:3  | Noticed a profane servitor
 37965 | Crypt:3  | Killed a profane servitor
 38537 | Crypt:3  | Found a staircase to the Tomb.
 38537 | Crypt:3  | Noticed Khufu
 38570 | Crypt:3  | Killed Khufu
 38595 | Crypt:3  | Identified the Volume of Evil
 38664 | Crypt:3  | Reached skill level 18 in Crossbows
 38723 | Crypt:3  | Identified the ring of Duthuiwo {rC+ MP+9 Str+2 Dex+2} (You
                  | found it on level 3 of the Crypt)
 39070 | Elf:1    | Entered Level 1 of the Elven Halls
 39167 | Elf:1    | Found Aramm's Jewellery Boutique.
 39167 | Elf:1    | Found Gisi's General Store.
 39192 | Elf:1    | Bought a potion of heal wounds for 80 gold pieces
 39409 | Elf:1    | Identified the Tome of the Escort
 39535 | Elf:1    | Noticed Jorgrun
 39553 | Elf:1    | Killed Jorgrun
 40023 | Elf:2    | Reached XP level 23. HP: 174/199 MP: 34/34
 40277 | Elf:2    | Found a huge runed translucent gate.
 40277 | Elf:2    | Found a huge runed translucent gate.
 40277 | Elf:2    | Found a huge runed translucent gate.
 40277 | Elf:2    | Found a huge runed translucent gate.
 40279 | Elf:2    | Found a huge runed translucent gate.
 40987 | Elf:3    | Entered Level 3 of the Elven Halls
 41413 | Elf:3    | Found Pocsaj's Jewellery Shop.
 41413 | Elf:3    | Found Ixtodick's Gadget Emporium.
 41414 | Elf:3    | Found Viney's Gadget Emporium.
 41449 | Elf:3    | Bought a wand of acid (9) for 312 gold pieces
 41449 | Elf:3    | Bought a wand of acid (6) for 240 gold pieces
 41449 | Elf:3    | Bought a wand of acid (10) for 336 gold pieces
 41609 | Elf:3    | Reached skill level 15 in Dodging
 41617 | Elf:3    | Identified the cursed +1 flail "Sarcophage" {speed, rF+ rC+
                  | MR+ Str+2}
 41629 | Elf:3    | Reached skill level 15 in Armour
 41872 | Elf:3    | Identified the +3 chain mail of the Leaf {rPois} (You found
                  | it on level 3 of the Elven Halls)
 41930 | Elf:3    | Identified the +4 leather armour of Protective Custody {rN+
                  | MR- Regen+ Slay+3}
 42554 | Depths:1 | Entered Level 1 of the Depths
 42567 | Depths:1 | Noticed Asterion
 42573 | Depths:1 | Killed Asterion
 42581 | Depths:1 | Reached skill level 19 in Crossbows
 42707 | Depths:1 | Noticed a golden dragon
 42722 | Depths:1 | Killed a golden dragon
 42725 | Depths:1 | Reached XP level 24. HP: 144/212 MP: 34/34
 42973 | Depths:1 | Noticed a caustic shrike
 42973 | Depths:1 | Noticed a caustic shrike
 42973 | Depths:1 | Noticed a caustic shrike
 42979 | Depths:1 | Noticed a caustic shrike
 42983 | Depths:1 | Killed a caustic shrike
 42990 | Depths:1 | Killed a caustic shrike
 42997 | Depths:1 | Killed a caustic shrike
 43196 | Depths:1 | Killed a caustic shrike
 43549 | Depths:1 | Found a gateway to Hell.
 43684 | Depths:1 | Found a gateway to a ziggurat.
 43760 | Depths:1 | You fall into a shaft and drop 1 floor!
 43768 | Depths:2 | Noticed a caustic shrike
 43776 | Depths:2 | Killed a caustic shrike
 43881 | Depths:2 | Got a vibrating iron ring
 43882 | Depths:2 | Identified the ring of Midwinter {rPois rN+ MP+9 Int+6}
                  | (You found it on level 2 of the Depths)
 43907 | Depths:2 | Got a fine turquoise ring
 43908 | Depths:2 | Identified the ring "Waedghah" {rN+ Dex+6} (You found it on
                  | level 2 of the Depths)
 44073 | Depths:2 | Found a one-way gate to the infinite horrors of the Abyss.
 45082 | Depths:3 | Found a hide-covered altar of Uskayaw.
 45082 | Depths:3 | Noticed a caustic shrike
 45082 | Depths:3 | Noticed a caustic shrike
 45554 | Depths:3 | Reached skill level 20 in Crossbows
 45560 | Depths:3 | Reached XP level 25. HP: 200/225 MP: 34/34
 45577 | Depths:3 | Found a one-way gate leading to the halls of Pandemonium.
 45950 | Depths:3 | Found a glowing golden altar of the Shining One.
 46680 | Depths:4 | Noticed a juggernaut
 46693 | Depths:4 | Killed a juggernaut
 46753 | Depths:4 | Identified the cursed +3 hand axe of Fortitude {chop,
                  | Fragile +Rage +Inv rN+}
 46861 | Depths:4 | Upgraded the game from 0.25-a0-246-g58704a1ebd to
                  | 0.25-a0-248-g18654cfe15
 46895 | Depths:4 | Got a warped bone ring
 46896 | Depths:4 | Identified the ring "Ysaclob" {rPois MR+} (You found it on
                  | level 4 of the Depths)
 47076 | Depths:4 | Noticed Mennas
 47101 | Depths:4 | Killed Mennas
 47237 | Depths:4 | Reached XP level 26. HP: 216/238 MP: 34/34
 47603 | Depths:4 | Reached skill level 21 in Crossbows
 48066 | Depths:5 | Entered Level 5 of the Depths
 48336 | Depths:5 | Identified the +1 short sword "Dafaof" {pierce, MR+ Int+5}
 48860 | Depths:5 | Found a gate to the Realm of Zot.
 49899 | Orc:2    | Bought a scroll of fog for 26 gold pieces
 49899 | Orc:2    | Bought a scroll of teleportation for 39 gold pieces
 49899 | Orc:2    | Bought 3 scrolls of silence for 292 gold pieces
 49899 | Orc:2    | Bought a scroll of teleportation for 39 gold pieces
 49899 | Orc:2    | Bought a scroll of teleportation for 39 gold pieces
 49899 | Orc:2    | Bought a scroll of torment for 97 gold pieces
 50068 | Slime:1  | Entered Level 1 of the Pits of Slime
 50512 | Slime:5  | Entered Level 5 of the Pits of Slime
 50706 | Slime:5  | Found a viscous altar of Jiyva.
 50707 | Slime:5  | Noticed the Royal Jelly
 50713 | Slime:5  | Killed the Royal Jelly
 50756 | Slime:5  | Got a slimy rune of Zot
 50775 | Slime:5  | Identified the Papyrus of Nocuous Protection
 50784 | Slime:5  | Identified the +1 quarterstaff of Duty {crush, Str+4} (You
                  | found it on level 5 of the Pits of Slime)
 50805 | Slime:5  | Got a heavily runed marble ring
 50806 | Slime:5  | Identified the ring "Piuxkida" {*Tele rPois MR+ Str+2
                  | Dex+5} (You found it on level 5 of the Pits of Slime)
 51239 | Vaults:5 | Entered Level 5 of the Vaults
 51255 | Vaults:5 | Reached XP level 27. HP: 179/240 MP: 34/34
 51627 | Vaults:5 | Noticed an ancient lich
 51632 | Vaults:5 | Killed an ancient lich
 51714 | Vaults:5 | Noticed an ancient lich
 51723 | Vaults:5 | Reached skill level 22 in Crossbows
 51736 | Vaults:4 | Killed an ancient lich
 51737 | Vaults:4 | Killed from afar by a titan

Levels and vault maps discovered:
D:1:      dpeg_arrival_boxes_within_box, layout_basic
D:2:      layout_rooms, overflow_temple_1_default,
          grunt_temple_overflow_growth_and_decay, first_ration,
          chequers_ecumenical_altar_island, uniq_natasha
D:3:      layout_loops_ring, minivault_5
D:4:      layout_basic, minmay_temple_entry_large_hall, minmay_vboxes,
          uniq_eustachio
D:5:      layout_gridville, lightli_ossuary_entry_decrepit_ruins
D:6:      minmay_inner_zag, layout_loops_ring, overflow_temple_1_default,
          minmay_fountain_box
D:7:      layout_basic, marbit_many_paths, kennysheep_mini_moat,
          kennysheep_little_box, serial_corexii_hall,
          corexii_hall_statues_deadend, chequers_hall_statues_corner_a,
          basic_altar, nrook_mini_vaults, the_bakery, minivault_4,
          minmay_the_grid_2x2 [minmay_the_grid_all_tris,
          minmay_the_grid_small_cups, minmay_the_grid_expand,
          minmay_the_grid_prize_trominoes], uniq_duvessa, uniq_prince_ribbit1,
          uniq_crazy_yiuf_cottage
D:8:      layout_rooms, minmay_microvault
D:9:      layout_big_octagon, zin_angel, orc_0_dummy, serial_shops,
          nicolae_shop_crystal
D:10:     layout_gridville, enter_trove_6, minmay_lindwurm_lava, uniq_maurice,
          uniq_grum, uniq_joseph
D:11:     layout_gridville, dpeg_oklobed_lair, enter_bailey_8, moated_statue,
          serial_bayou_pond_e, fedhas_altar_fruit_tree, uniq_urug
D:12:     layout_layer_cave
D:13:     layout_loops_ring, serial_shops, shop
D:14:     layout_irregular_city, david_vaults_3, chequers_serial_rivers_large_a,
          nicolae_gozag_zags_fifth_avenue
D:15:     hangedman_depths_entry_civil_slaughter, layout_basic, chequers_jeans
Lair:1:   layout_hall_layers, grunt_megastairs_5
Lair:2:   layout_chaotic_city, basic_altar
Lair:3:   layout_regular_city, nicolae_spider_entry_orb_guardian
Lair:4:   layout_long_grid, swamp_mist, hellmonk_ghost_happy_afterlife,
          minmay_lair_oklob_chamber
Lair:5:   layout_cave_shapes, slime_altar_2, grunt_megastairs_4,
          lemuel_fruit_tree, uniq_rupert
Lair:6:   minmay_lair_end_enchanted_forest, layout_cave_shapes
Swamp:1:  layout_basic_swamp, evilmike_swamp_ruin_house_4, swamp_pool2
Swamp:2:  layout_basic_swamp, serial_swamp_ruin, evilmike_swamp_ruin_rubble_1,
          evilmike_swamp_ruin_house_1
Swamp:3:  layout_basic_swamp, nicolae_swamp_fairy_circle, uniq_louise
Swamp:4:  swamp, layout_basic_swamp
Spider:1: layout_chambers
Spider:2: layout_chambers
Spider:3: layout_spider_delve, drop_trap, nicolae_arachne_temple
Spider:4: grunt_spider_rune_circles, uniq_arachne
Slime:1:  layout_caves
Slime:2:  layout_caves
Slime:3:  layout_caves
Slime:4:  layout_caves
Slime:5
Orc:1:    layout_caves, trog_hazing_becter
Orc:2:    st_orc_ogre_mass, layout_caves, serial_shops, shop, basic_altar,
          gammafunk_ghost_grave
Elf:1:    minmay_elf_arrival_circle, layout_loops_ring, minmay_elf_demonology,
          minmay_shoptagon, uniq_jorgrun
Elf:2:    layout_loops_cross, hex_large
Elf:3:    minmay_elf_hall_not_hex, layout_geoelf_diagonals, minmay_shop_grove
Vaults:1: v_pattern_4, v_alt_pattern_3, nicolae_vaults_network_quinsquares
          [nicolae_vaults_network_quincunx_subvault,
          nicolae_vaults_network_quincunx_subvault,
          nicolae_vaults_network_quincunx_subvault,
          nicolae_vaults_network_quincunx_subvault],
          ontoclasm_vaults_claustrophobia, nicolae_vaults_arrows,
          ontoclasm_vaults_fault, hangedman_vaults_stitches,
          nicolae_vaults_rhombus_6, ontoclasm_vaults_pinch,
          layout_vaults_big_cross, uniq_saint_roka, uniq_aizul
Vaults:2: nicolae_vaults_little_squares_1, minmay_crypt_entry_vampire_xt,
          vaults_room_ringed_pool, ontoclasm_vaults_spin, v_pattern_1,
          nicolae_vaults_rhombus_5, hangedman_vaults_nails,
          nicolae_vaults_little_squares_2, v_misc_17, v_alt_pattern_6,
          vaults_room_door_ring, v_alt_pattern_5, layout_vaults_omnigrid
Vaults:3: ontoclasm_vaults_decontamination, v_misc_17,
          nicolae_vaults_little_squares_5, vaults_mumra_lcd,
          nicolae_vaults_ring_of_whatevers, ontoclasm_vaults_chip,
          nicolae_vaults_three_branches, vaults_dpeg_ring,
          layout_vaults_chaotic_city, serial_shops, shop
Vaults:4: grunt_vaults_focal, vaults_mumra_minichess, v_misc_26,
          nicolae_vaults_network_periphery, v_misc_14, hangedman_vaults_slither,
          ontoclasm_vaults_loading_screen, nicolae_vaults_know_your_exits,
          v_alt_pattern_2, hangedman_vaults_variations, v_misc_15, v_misc_17,
          layout_vaults_maze, uniq_donald
Vaults:5: serial_shops
Crypt:1:  layout_gridlike, uniq_sojobo
Crypt:2:  layout_gridlike, nicolae_crypt_little_mausoleum
Crypt:3:  grunt_crypt_end_deaths_head, uniq_bai_suzhen
Depths:1: layout_basic, enter_ziggurat_a, hell_entry, abyss_entry,
          corexii_corridor_pit, hangedman_decor_growths, nzn_random_ring,
          uniq_asterion
Depths:2: minmay_fractal_lines_corner, layout_honeycomb, hell_entry,
          minmay_stone_trees_small, nicolae_abyss_entry_one_way_or_another,
          ebering_dispersal_statue_hall, minmay_staircase_windowed_large
Depths:3: regret_index_uskayaw_diablada_macabre, layout_basic, pan_entry,
          hell_entry, tso_altar, grunt_megastairs_2, minmay_staircase_bubble
Depths:4: minmay_heptahexagon, layout_gridlike, abyss_entry,
          grunt_pan_entry_in_and_out, grunt_hell_entry_dis_grunt,
          roderic_malta_cross, minivault_16, uniq_mennas
Depths:5: grunt_zot_entry_tricorne, layout_honeycomb, chequers_big_river,
          hellmouth_1

Skill      XL: |  1  2  3  4  5  6  7  8  9 10 11 12 13 14 15 16 17 18 19 20 21 22 23 24 25 26 27 |
---------------+----------------------------------------------------------------------------------+-----
Staves         | 3 4 5 7 8 9 11 12 13 14 | 14.0
Fighting       | 3 4 5 6 8 9 11 12 14 15 16 18 19 21 | 21.5
Dodging        | 3 4 5 6 9 10 11 12 13 14 15 16 17 | 17.3
Armour         | 1 3 5 6 7 8 10 11 12 13 14 15 16 17 | 17.3
Crossbows      | 4 7 10 11 13 14 15 16 17 18 19 20 21 22 | 22.0
Evocations     | 3 6 8 10 11 13 14 15 16 | 16.4
Throwing       | |  1.7

Action                   |  1- 3 |  4- 6 |  7- 9 | 10-12 | 13-15 | 16-18 | 19-21 | 22-24 | 25-27 || total
-------------------------+-------+-------+-------+-------+-------+-------+-------+-------+-------++-------
Melee: Quarterstaff      |    83 |   137 |   376 |     8 |    38 |   222 |       |       |       ||   864
       Lajatang          |       |       |   102 |   565 |  1085 |  1520 |  2083 |  2137 |  1361 ||  8853
       Triple crossbow   |       |       |       |       |       |     1 |       |       |       ||     1
 Fire: Triple crossbow   |       |       |       |    47 |    21 |   210 |    68 |   121 |   108 ||   575
Throw: Throwing net      |       |     3 |     1 |     1 |     1 |     1 |       |       |       ||     7
Invok: Lunge             |       |    10 |    11 |    34 |    84 |    84 |   104 |   140 |    73 ||   540
       Whirlwind         |       |       |    64 |   114 |   213 |   570 |   492 |   463 |   352 ||  2268
       Serpent's Lash    |       |       |       |       |     3 |     4 |       |     5 |     4 ||    16
       Heavenly Storm    |       |       |       |       |     2 |       |       |     2 |     3 ||     7
 Abil: Wall Jump         |       |       |       |     1 |     1 |    18 |     5 |     5 |     4 ||    34
Evoke: Phial of floods   |       |       |       |     1 |       |     1 |       |     2 |     1 ||     5
       Wand              |       |       |       |       |     3 |     4 |     1 |     3 |     2 ||    13
       Fan of gales      |       |       |       |       |       |     1 |     1 |       |     2 ||     4
       Phantom mirror    |       |       |       |       |       |       |     1 |       |       ||     1
       Lightning rod     |       |       |       |       |       |       |       |     4 |       ||     4
       Sack of spiders   |       |       |       |       |       |       |       |     3 |       ||     3
       Box of beasts     |       |       |       |       |       |       |       |       |     2 ||     2
  Use: Scroll            |     3 |     6 |    15 |    13 |    15 |    10 |     4 |    12 |    15 ||    93
       Potion            |       |       |     1 |     1 |       |     5 |     2 |       |     4 ||    13
 Stab: Petrified         |       |       |       |       |     3 |       |       |       |       ||     3
       Distracted        |       |       |       |       |       |       |     1 |       |     1 ||     2
  Eat: Chunk             |     4 |    12 |    15 |    29 |    41 |    97 |    68 |   100 |    53 ||   419
       Ration            |       |       |       |       |       |       |       |       |     2 ||     2
Armor: Leather armour    |    37 |    43 |    43 |       |       |       |       |       |       ||   123
       Chain mail        |       |       |    53 |       |       |       |       |       |       ||    53
       Plate armour      |       |       |    60 |   413 |   204 |       |       |       |       ||   677
       Ring mail         |       |       |       |       |   131 |    65 |       |       |       ||   196
       Crystal plate arm |       |       |       |       |       |   998 |   607 |   737 |   655 ||  2997
Dodge: Dodged            |    90 |    96 |   202 |   193 |   310 |  1170 |   740 |   582 |   674 ||  4057

Table legend:
 A = Non-vault XP
 B = Vault XP
 C = Vault XP percentage of total XP
 D = Non-vault monster count
 E = Vault monster count
 F = Vault count percentage of total count
                 A         B        C        D         E       F
            +---------+---------+-------+---------+---------+-------
      Total |  705076 |  623994 |  46.9 |    1493 |     792 |  34.7
            +---------+---------+-------+---------+---------+-------
        D:1 |      39 |       0 |   0.0 |      20 |       0 |   0.0
        D:2 |      44 |      35 |  44.3 |      13 |       1 |   7.1
        D:3 |      88 |       0 |   0.0 |      24 |       0 |   0.0
        D:4 |     779 |      48 |   5.8 |      19 |       3 |  13.6
        D:5 |     333 |       0 |   0.0 |       6 |       0 |   0.0
        D:6 |     595 |      83 |  12.2 |      20 |       2 |   9.1
        D:7 |     787 |    2233 |  73.9 |      13 |      21 |  61.8
        D:8 |    1689 |     938 |  35.7 |      16 |       1 |   5.9
        D:9 |    2955 |       0 |   0.0 |      16 |       0 |   0.0
       D:10 |    3971 |    4062 |  50.6 |      32 |      10 |  23.8
       D:11 |    3335 |     855 |  20.4 |      32 |       1 |   3.0
       D:12 |    5666 |       0 |   0.0 |      41 |       0 |   0.0
       D:13 |    7377 |       0 |   0.0 |      26 |       0 |   0.0
       D:14 |   13984 |    5799 |  29.3 |      45 |      20 |  30.8
       D:15 |   13242 |    4602 |  25.8 |      37 |       6 |  14.0
     Lair:1 |    2732 |     514 |  15.8 |      10 |       2 |  16.7
     Lair:2 |    7067 |       0 |   0.0 |      27 |       0 |   0.0
     Lair:3 |    5291 |     526 |   9.0 |      19 |       1 |   5.0
     Lair:4 |    4978 |     193 |   3.7 |      17 |       1 |   5.6
     Lair:5 |    6075 |    4508 |  42.6 |      28 |      11 |  28.2
     Lair:6 |   14098 |    8335 |  37.2 |      44 |      46 |  51.1
    Swamp:1 |    6957 |       0 |   0.0 |      21 |       0 |   0.0
    Swamp:2 |   15982 |       0 |   0.0 |      37 |       0 |   0.0
    Swamp:3 |   15304 |    8141 |  34.7 |      44 |      12 |  21.4
    Swamp:4 |   16402 |   11029 |  40.2 |      33 |      16 |  32.7
   Spider:1 |    9366 |       0 |   0.0 |      20 |       0 |   0.0
   Spider:2 |   16861 |       0 |   0.0 |      46 |       0 |   0.0
   Spider:3 |   12345 |   15994 |  56.4 |      31 |      33 |  51.6
   Spider:4 |   19685 |   25755 |  56.7 |      52 |      41 |  44.1
    Slime:1 |    6930 |       0 |   0.0 |      12 |       0 |   0.0
    Slime:2 |    3309 |       0 |   0.0 |      12 |       0 |   0.0
    Slime:3 |    2187 |       0 |   0.0 |       5 |       0 |   0.0
    Slime:4 |    5682 |    1850 |  24.6 |       7 |       1 |  12.5
    Slime:5 |    7179 |   30129 |  80.8 |       7 |      11 |  61.1
      Orc:1 |     454 |      10 |   2.2 |      13 |       6 |  31.6
      Orc:2 |    4076 |   18161 |  81.7 |      23 |      35 |  60.3
      Elf:1 |   10306 |   10350 |  50.1 |      17 |      14 |  45.2
      Elf:2 |   10808 |   23387 |  68.4 |      20 |      29 |  59.2
      Elf:3 |   23537 |   48060 |  67.1 |      38 |      32 |  45.7
   Vaults:1 |   19338 |   28763 |  59.8 |      38 |      55 |  59.1
   Vaults:2 |   50870 |   24939 |  32.9 |      71 |      28 |  28.3
   Vaults:3 |    9505 |    6338 |  40.0 |      16 |       7 |  30.4
   Vaults:4 |   48701 |   34278 |  41.3 |      69 |      33 |  32.4
   Vaults:5 |    9271 |   49898 |  84.3 |      13 |      36 |  73.5
    Crypt:1 |   28153 |    2012 |   6.7 |      46 |       1 |   2.1
    Crypt:2 |   30733 |    5365 |  14.9 |      47 |       1 |   2.1
    Crypt:3 |       0 |   82132 | 100.0 |       0 |     122 | 100.0
   Depths:1 |   62969 |   24490 |  28.0 |      54 |      19 |  26.0
   Depths:2 |   35203 |   30878 |  46.7 |      46 |      15 |  24.6
   Depths:3 |   23190 |   17238 |  42.6 |      29 |      11 |  27.5
   Depths:4 |   69845 |   68071 |  49.4 |      75 |      58 |  43.6
   Depths:5 |   34803 |   21776 |  38.5 |      46 |      19 |  29.2
    Ossuary |       0 |     865 | 100.0 |       0 |      15 | 100.0
     Bailey |       0 |    1354 | 100.0 |       0 |      16 | 100.0
            +---------+---------+-------+---------+---------+-------
